Match 45996212
Unlisted

Match 45996212
End
Construct Infanterie Kompanie
Pioneer Squad
Grenadier Squad
Selects Luftwaffe Battlegroup
MG 42 Machine Gun Team
Grenadier Squad
Infanterie Officer Quarters
Selects Stuka Strafing Run
Selects Luftwaffe Pioneer Support
Grenadier Squad
Construct Luftwaffe Kompanie
Construct Luftwaffe Kompanie
Jäger Squad
Stuka Strafing Run
Selects Fallschirmjäger Squad Paradrop
Fallschirmjäger Squad Paradrop
Selects Flak 38 Anti-Air Emplacement
Fallschirmjäger Squad Paradrop
Medical Bunker
Support Elements
Selects Stuka Loiter
Wirbelwind Flakpanzer
Stuka Strafing Run
Selects Infantry Reserves
TBoR
EPHX_Valkyrion
Herr Blautier
Ļøĺ
P2LIGR0
Cr6como-
0
0

Comments sign in to comment!

No comments posted yet!